 Dungeon Crawl Stone Soup version 0.31-a0-232-gb1c03b2570 (webtiles) character file.

Game seed: 11874885008666368320

294 Hubris850 the Trooper (level 6, -4/55 HPs)
             Began as a Hill Orc Fighter on July 7, 2023.
             Succumbed to a hornet's poison
             ... while paralysed by a hornet
             ... on level 5 of the Dungeon.
             The game lasted 00:07:48 (3039 turns).

Hubris850 the Trooper (Hill Orc Fighter)            Turns: 3039, Time: 00:07:49

Health: -4/55      AC: 10    Str: 21    XL:     6   Next: 34%
Magic:  6/6        EV:  2    Int:  8    God:
Gold:   298        SH:  0    Dex: 10    Spells: 3/5 levels left

rFire   . . .        s - +3 hand axe of Ignis, Mauling {drain, SInv}
rCold   . . .        c - +0 buckler
rNeg    . . .        b - +0 scale mail
rPois   .            t - +0 helmet
rElec   .            y - +0 cloak
rCorr   .            e - +0 pair of gloves
SInv    +            (no boots)
Will    .....        f - amulet of the acrobat Stlth
                     k - ring of flight
HPRegen 0.29/turn    A - +4 ring of slaying
MPRegen 0.10/turn

%: acrobat
@: paralysed, lethally poisoned (-4 -> -30), flying, slowed
A: no striking features
a: no special abilities


You were on level 5 of the Dungeon.
You visited 1 branch of the dungeon, and saw 5 of its levels.

You collected 298 gold pieces.

Inventory:

Hand Weapons
 a - a +0 war axe
 s - the +3 hand axe of Ignis, Mauling (weapon) {drain, SInv}
   (You took it off a hobgoblin on level 2 of the Dungeon)

   SInv:      It lets you see invisible.
 B - a +2 whip of venom
Armour
 b - a +0 scale mail (worn)
 c - a +0 buckler (worn)
 e - a +0 pair of gloves (worn)
 t - a +0 helmet (worn)
 x - a +0 kite shield
 y - a +0 cloak (worn)
Jewellery
 f - an amulet of the acrobat (around neck)
 k - a ring of flight (left hand)
 v - a ring of wizardry
 A - a +4 ring of slaying (right hand)
Wands
 D - a wand of quicksilver (5)
Scrolls
 g - a scroll of torment {unknown}
 h - 5 scrolls of identify {unknown}
 l - 2 scrolls of vulnerability {unknown}
 m - 3 scrolls of enchant armour {unknown}
 o - a scroll of noise {unknown}
 q - a scroll of acquirement {unknown}
 r - 2 scrolls of immolation {unknown}
 w - 2 scrolls of poison {unknown}
 z - a scroll of amnesia {unknown}
 C - a scroll of fog {unknown}
Potions
 d - a potion of might
 i - a potion of magic {unknown}
 j - 3 potions of heal wounds {unknown}
 n - a potion of lignification {unknown}
 p - 2 potions of curing {unknown}
 u - a potion of attraction {unknown}
 E - a potion of haste {unknown}


   Skills:
 + Level 4.9 Fighting
 + Level 4.4 Axes
 + Level 4.5 Armour
 + Level 2.0 Dodging
 + Level 4.4 Shields


You had 3 spell levels left.
You knew the following spells:

 Your Spells              Type           Power      Damage    Failure   Level
a - Passwall              Tmut/Erth      0%         N/A       91%         2

Your spell library contained the following spells:

 Spells                   Type           Power      Damage    Failure   Level
 Ensorcelled Hibernation  Hex/Ice        0%         N/A       91%         2
 Sublimation of Blood     Necr           0%         N/A       91%         2
 Swiftness                Air            0%         N/A       99%         3
 Petrify                  Tmut/Erth      0%         N/A       100%        4
 Irradiate                Conj/Tmut      0%         3d11      100%        5


Dungeon Overview and Level Annotations

Branches:
Dungeon (5/15)
 Temple: D:4-7

Altars:
Gozag


Message History

A hornet comes into view.
The hornet buzzes angrily.
The hornet barely misses you.
You completely miss the hornet. The hornet stings you.
You feel yourself slow down.
You barely miss the hornet. The hornet stings you!
You feel as though you will be slow longer.
The hornet barely misses you.
An ogre comes into view. It is wielding a +0 giant spiked club.
The hornet closely misses you.
The ogre shouts!
You hit the hornet but do no damage. You block the hornet's attack. x2
You closely miss the hornet. The hornet barely misses you.
The hornet stings you.
You are poisoned.
You feel as though you will be slow longer.
The hornet attacks as you move away!
The hornet stings you but does no damage.
You feel very sick. The hornet barely misses you. The hornet stings you.
You feel as though you will be slow longer.
You barely miss the hornet.
You feel sick. The hornet stings you!
You are more poisoned.
You feel as though you will be slow longer.
The hornet stings you.
You are lethally poisoned!
You feel as though you will be slow longer.
You closely miss the hornet.
* * * LOW HITPOINT WARNING * * *
You feel extremely sick. The hornet stings you.
* * * LOW HITPOINT WARNING * * *
You are more poisoned.
You feel as though you will be slow longer.
The hornet stings you.
* * * LOW HITPOINT WARNING * * *
You suddenly lose the ability to move!
The hornet stings you.
* * * LOW HITPOINT WARNING * * *
You feel as though you will be slow longer.
You die...

..........#
...##.....# .# ##...##
#.####.## #....#.#
#######...#
..#....#.########
######.#.####.........
.......#@# ##########
#.y.# #####


You could see a hornet.

Vanquished Creatures
  An orc priest (D:3)
  Crazy Yiuf (D:3)
  Ijyb (D:4)
  An orc wizard (D:3)
  Robin (D:2)
  7 adders
  An ufetubus (D:4)
  2 worms
  4 dart slugs
  13 orcs
  9 ball pythons
  5 bats
  3 endoplasms
  16 goblins
  4 hobgoblins
  8 jackals
  5 frilled lizards
  2 kobolds
  4 rats
88 creatures vanquished.

Notes
Turn   | Place    | Note
-------+----------+-------------------------------------------
     0 | D:1      | Hubris850 the Hill Orc Fighter began the quest for the Orb.
     0 | D:1      | Reached XP level 1. HP: 19/19 MP: 1/1
    86 | D:1      | Reached XP level 2. HP: 21/27 MP: 2/2
   461 | D:1      | Reached XP level 3. HP: 33/33 MP: 3/3
  1009 | D:2      | Reached skill level 1 in Dodging
  1083 | D:2      | Reached XP level 4. HP: 40/40 MP: 4/4
  1346 | D:2      | Noticed Robin
  1358 | D:2      | Identified the +3 hand axe of Ignis, Mauling {drain, SInv}
  1367 | D:2      | Killed Robin
  1679 | D:3      | Learned a level 2 spell: Passwall
  1711 | D:3      | Reached XP level 5. HP: 31/47 MP: 5/5
  2278 | D:3      | Found a runed translucent door.
  2279 | D:3      | Noticed Crazy Yiuf
  2285 | D:3      | Killed Crazy Yiuf
  2286 | D:3      | Reached XP level 6. HP: 43/53 MP: 6/6
  2537 | D:4      | Found an opulent altar of Gozag.
  2891 | D:4      | Noticed Ijyb
  2905 | D:4      | Killed Ijyb
  3009 | D:5      | Entered Level 5 of the Dungeon
  3031 | D:5      | Noticed a hornet
  3038 | D:5      | Paralysed by a hornet for 2 turns
  3038 | D:5      | HP: 2/55 [hornet (6)]
  3039 | D:5      | Succumbed to a hornet's poison

Illustrated notes

Levels and vault maps discovered:
D:1:      dpeg_arrival_tiny_g, layout_loops_cross,
          nicolae_kite_square_tiling_tiny
D:2:      layout_loops_cross, uniq_robin
D:3:      layout_basic, uniq_crazy_yiuf_cottage
D:4:      kennysheep_goblin_castle, layout_rooms, marbit_many_paths
D:5:      layout_loops_ring, portal_sewer_entry_b, uniq_pikel, uniq_ijyb

Skill      XL: |  1  2  3  4  5  6 |
---------------+-------------------+-----
Axes           | 3 4 |  4.4
Fighting       | 4 |  4.9
Dodging        | 1 2 |  2.0
Armour         | 4 |  4.5
Shields        | 4 |  4.4

Action                     |  1- 3 |  4- 6 || total
---------------------------+-------+-------++-------
  Melee: War axe           |    98 |    22 ||   120
         Hand axe          |       |   106 ||   106
 Armour: Scale mail        |    58 |    50 ||   108
  Dodge: Dodged            |    50 |    67 ||   117
  Block: Buckler           |    23 |    29 ||    52

Table legend: (Time is in decaauts)
 A = Elapsed time spent in this place.
 B = Non-inter-level travel time spent in this place.
 C = Inter-level travel time spent in this place.
 D = Time resting spent in this place.
 E = Time spent auto-exploring this place.
 F = Levels seen in this place.
 G = Mean time per level.
                   A        B        C        D        E       F      G
               +--------+--------+--------+--------+--------+-----+--------+
         Total |   3099 |   2984 |    115 |     30 |   2330 |   5 |  619.8 |
       Dungeon |   3099 |   2984 |    115 |     30 |   2330 |   5 |  619.8 |
               +--------+--------+--------+--------+--------+-----+--------+

Top non-repeatable levels by time:
     D:2: 883 daAuts
     D:1: 808 daAuts
     D:3: 727 daAuts
     D:4: 646 daAuts
     D:5: 33 daAuts
